 Dungeon Crawl Stone Soup version 0.29.0-4-gdea44cf6ec (webtiles) character file.

Game seed: 17849994372933688168

916 qw the Chopper (level 7, -4/55 HPs)
             Began as a Demonspawn Cinder Acolyte on Sept 9, 2022.
             Was a Priest of Ignis.
             Slain by a gnoll
             ... wielding a +0 club
             ... led by a gnoll bouda
              (6 damage)
             ... on level 5 of the Dungeon.
             The game lasted 00:01:52 (6040 turns).

qw the Chopper (Demonspawn Cinder Acolyte)          Turns: 6040, Time: 00:01:53

Health: -4/55      AC: 23    Str: 16    XL:     7   Next: 83%
Magic:  8/8        EV:  6    Int: 16    God:    Ignis [***...]
Gold:   147        SH:  0    Dex:  8    Spells: 8/8 levels left

rFire   + . .      SeeInvis .   Y - +0 war axe
rCold   + . .      Faith    .   (no shield)
rNeg    . . .      Spirit   .   c - +0 chain mail
rPois   .          Reflect  .   m - +2 helmet
rElec   .          Harm     .   (no cloak)
rCorr   +          Rampage  .   (no gloves)
Will    .....                   i - +0 pair of boots
Stlth   ..........              (no amulet)
HPRegen 0.18/turn               n - ring of protection from cold
MPRegen 0.22/turn               b - ring of resist corrosion

@: weakened, fiery-armoured
A: hooves 2, molten scales 2, magic regeneration
a: Renounce Religion, Fiery Armour, Foxfire Swarm, Rising Flame


You were on level 5 of the Dungeon.
You worshipped Ignis.
Ignis was most pleased with you.
You visited 1 branch of the dungeon, and saw 5 of its levels.

You collected 147 gold pieces.


Innate Abilities, Weirdness & Mutations

You have hoof-like feet.
You are mostly covered in molten scales. (AC +3)
You regenerate magic rapidly.


   Skills:
 - Level 4.6 Fighting
 + Level 7.1 Axes
 - Level 1.7 Throwing
 - Level 2.2 Armour
 - Level 1.1 Dodging
 - Level 1.0 Spellcasting
 - Level 2.6 Fire Magic


You had 8 spell levels left.
You didn't know any spells.
Your spell library contained the following spells:

 Spells                   Type           Power      Damage    Failure   Level
 Scorch                   Fire           18%        2d6       91%         2

Inventory:

Hand Weapons
 a - a -1 hand axe of flaming
 Y - a +0 war axe (weapon)
Missiles
 d - 2 boomerangs (quivered)
Armour
 c - a +0 chain mail (worn)
 i - a +0 pair of boots (worn)
 m - a +2 helmet (worn)
Jewellery
 b - a ring of resist corrosion (right hand)
 n - a ring of protection from cold (left hand)
Wands
 k - a wand of digging (4)
Scrolls
 f - 3 scrolls of identify
 h - a scroll of blinking {unknown}
 j - a scroll of enchant weapon {unknown}
Potions
 e - a potion of cancellation
 g - 3 potions of curing

Dungeon Overview and Level Annotations

Branches:
Dungeon (5/15)             Temple (0/1) D:4

Altars:
Kikubaaqudgha

Shops:
D:3 :

Annotations:
D:4 2 runed translucent doors, qw's ghost, amateur BaCK


Message History

The gnoll is severely wounded.
You hit the gnoll bouda.
The gnoll bouda hits you with a +0 club.
The gnoll hits you but does no damage. The gnoll hits you with a +0 halberd.
6037 ||| INVOKING Fiery Armour.
A protective cloak of flame settles atop you.
The gnoll bouda hits you with a +0 club!
The gnoll bouda is burned by your cloak of flames.
The gnoll bouda is heavily wounded.
The gnoll hits you but does no damage. The gnoll hits you with a +0 halberd!
The gnoll is burned by your cloak of flames.
The gnoll is severely wounded.
You barely miss the gnoll.
The gnoll is severely wounded.
You hit the gnoll bouda. The gnoll bouda barely misses you.
The gnoll hits you but does no damage. x2
The gnoll is burned by your cloak of flames.
The gnoll is almost dead.
You closely miss the gnoll.
The gnoll is almost dead.
You hit the gnoll bouda.
The gnoll bouda hits you but does no damage.
The gnoll bouda is burned by your cloak of flames.
The gnoll bouda is almost dead.
The gnoll hits you but does no damage. The gnoll hits you with a +0 halberd.
The gnoll is burned by your cloak of flames.
You kill the gnoll!
The gnoll bouda gazes fiercely through you!
You feel as though you will be weak longer.
The gnoll bouda hits you with a +0 club.
The gnoll bouda is burned by your cloak of flames.
The gnoll bouda is almost dead.
The gnoll completely misses you.
You hit the gnoll bouda but do no damage.
The gnoll bouda is almost dead.
You hit the gnoll but do no damage. The gnoll closely misses you.
The gnoll bouda hits you with a +0 club.
The gnoll hits you but does no damage. The gnoll hits you with a +0 club.
You die...

................<#
...............).#
###..##..##.##))#####
#######..##.##.)##..##
..+.........+).......#
..#.........#........#
.....####...##.<##..##
####%####...##..#####..#
#....#........@gg....#
#.............#g.....#
###.......##...#......
####################


You could see a gnoll bouda and 2 gnolls.

Vanquished Creatures
  Grinder (D:4)
  Edmund (D:4)
  Blork the orc (D:4)
  A scorpion (D:5)
  A necrophage (D:4)
  A bullfrog (D:4)
  An orc priest (D:5)
  An iguana (D:5)
  Ijyb (D:3)
  2 orc wizards
  6 gnolls
  5 adders
  3 worms
  3 dart slugs
  10 orcs
  8 endoplasms
  2 giant cockroaches (D:4)
  5 goblins
  9 hobgoblins
  4 jackals (D:4)
  2 quokkas
  5 ball pythons
  5 bats
  5 frilled lizards
  5 kobolds
  25 rats
113 creatures vanquished.

Vanquished Creatures (others)
  A human (D:3)
1 creature vanquished.

Grand Total: 114 creatures vanquished

Notes
Turn   | Place    | Note
-------+----------+-------------------------------------------
     0 | D:1      | qw the Demonspawn Cinder Acolyte began the quest for the
                  | Orb.
     0 | D:1      | Reached XP level 1. HP: 18/18 MP: 2/2
     0 | D:1      | 0 ||| qw: Version: 0.1-a-113-g051387a
     0 | D:1      | 0 ||| qw: Game counter: 6890
     0 | D:1      | 0 ||| qw: Always use a shield: true
     0 | D:1      | 0 ||| qw: God list: Okawaru
     0 | D:1      | 0 ||| qw: Allow faded altars: false
     0 | D:1      | 0 ||| qw: Do Orc after D:15 true
     0 | D:1      | 0 ||| qw: Do second Lair branch before Depths: true
     0 | D:1      | 0 ||| qw: Lair rune preference: random
     0 | D:1      | 0 ||| qw: Plans: Normal
     0 | D:1      | 0 ||| PLANNING D:1-11
    37 | D:1      | 37 ||| Stepping ~*~*~tactically~*~*~ (stealth).
   176 | D:1      | Reached skill level 3 in Axes
   184 | D:1      | HP: 4/18 [poisoned by a kobold]
   441 | D:1      | 441 ||| Stepping ~*~*~tactically~*~*~ (hiding).
   447 | D:1      | 447 ||| INVOKING Fiery Armour.
   451 | D:1      | HP: 3/18 [dart slug/slug dart (2)]
   454 | D:1      | Gained mutation: You are partially covered in molten
                  | scales. (AC +2) [demonic ancestry]
   454 | D:1      | Reached XP level 2. HP: 4/24 MP: 3/3
   748 | D:1      | 748 ||| SWAPPING to +0 war axe.
   915 | D:1      | 915 ||| INVOKING Fiery Armour.
  1690 | D:1      | 1690 ||| UPGRADING to +0 pair of boots.
  1695 | D:1      | 1695 ||| READING 3 scrolls labelled WIRYFF SURGHEIM.
  1696 | D:1      | 1696 ||| READING 2 scrolls of identify.
  1696 | D:1      | 1696 ||| IDENTIFYING dark potion
  1833 | D:2      | Reached XP level 3. HP: 29/29 MP: 4/4
  2001 | D:2      | Found a faded altar of an unknown god.
  2087 | D:2      | Reached skill level 4 in Axes
  2288 | D:2      | 2288 ||| Stepping ~*~*~tactically~*~*~ (stealth).
  2289 | D:2      | 2289 ||| Stepping ~*~*~tactically~*~*~ (stealth).
  2390 | D:2      | 2390 ||| Stepping ~*~*~tactically~*~*~ (stealth).
  2391 | D:2      | 2391 ||| Stepping ~*~*~tactically~*~*~ (stealth).
  2392 | D:2      | 2392 ||| Stepping ~*~*~tactically~*~*~ (stealth).
  2424 | D:2      | Reached skill level 1 in Dodging
  2869 | D:2      | Gained mutation: You are mostly covered in molten scales.
                  | (AC +3) [demonic ancestry]
  2869 | D:2      | Reached XP level 4. HP: 32/35 MP: 5/5
  2991 | D:2      | 2991 ||| UPGRADING to +0 leather armour.
  3001 | D:2      | 3001 ||| DROPPING +0 robe.
  3002 | D:2      | 3002 ||| UPGRADING to +0 ring mail.
  3012 | D:2      | 3012 ||| DROPPING +0 leather armour.
  3013 | D:2      | 3013 ||| READING scroll labelled YLUIM HOEVAOS.
  3018 | D:2      | 3018 ||| READING scroll labelled TEFEUMU LITODUTS.
  3019 | D:2      | 3019 ||| DRINKING 3 purple potions.
  3284 | D:3      | 3284 ||| INVOKING Fiery Armour.
  3406 | D:3      | Noticed Ijyb
  3407 | D:3      | 3407 ||| Stepping ~*~*~tactically~*~*~ (hiding).
  3416 | D:3      | Killed Ijyb
  3417 | D:3      | Reached skill level 5 in Axes
  3417 | D:3      | Gained mutation: You regenerate magic rapidly. [demonic
                  | ancestry]
  3417 | D:3      | Reached XP level 5. HP: 41/41 MP: 6/6
  3493 | D:3      | Found Uppuq's Book Emporium.
  3558 | D:3      | Found an ancient bone altar of Kikubaaqudgha.
  3558 | D:3      | Noticed a human
  3561 | D:3      | Killed a human
  3613 | D:3      | 3613 ||| Stepping ~*~*~tactically~*~*~ (hiding).
  3835 | D:3      | 3835 ||| UPGRADING to +2 ring mail of willpower.
  3845 | D:3      | 3845 ||| DROPPING +0 ring mail.
  3846 | D:3      | 3846 ||| UPGRADING to +2 helmet.
  3851 | D:3      | 3851 ||| DROPPING +6 ring of intelligence.
  3852 | D:3      | 3852 ||| UPGRADING to ring of protection from cold.
  3853 | D:3      | 3853 ||| READING scroll labelled HOMURPHIR WAKUL.
  3854 | D:3      | 3854 ||| DRINKING 3 smoky red potions.
  3855 | D:3      | 3855 ||| READING 2 scrolls of identify.
  3855 | D:3      | 3855 ||| IDENTIFYING clear potion
  3856 | D:3      | 3856 ||| DROPPING potion of flight.
  3857 | D:3      | 3857 ||| DROPPING 2 potions of attraction.
  3881 | D:4      | Noticed Blork the orc
  3892 | D:4      | Killed Blork the orc
  3893 | D:4      | 3893 ||| STAIRDANCE
  4034 | D:4      | Noticed Grinder
  4053 | D:4      | 4053 ||| Stepping ~*~*~tactically~*~*~ (hiding).
  4060 | D:4      | 4060 ||| FLEEEEING.
  4072 | D:4      | 4072 ||| FLEEEEING.
  4073 | D:4      | 4073 ||| FLEEEEING.
  4074 | D:4      | 4074 ||| FLEEEEING.
  4076 | D:4      | 4076 ||| FLEEEEING.
  4077 | D:4      | 4077 ||| FLEEEEING.
  4086 | D:4      | 4086 ||| FLEEEEING.
  4087 | D:4      | 4087 ||| FLEEEEING.
  4091 | D:4      | 4091 ||| STAIRDANCE
  4177 | D:4      | Paralysed by Grinder for 2 turns
  4184 | D:4      | Paralysed by Grinder for 5 turns
  4196 | D:4      | 4196 ||| INVOKING Fiery Armour.
  4197 | D:4      | Killed Grinder
  4198 | D:4      | Reached skill level 6 in Axes
  4198 | D:4      | Gained mutation: You have large cloven feet. [demonic
                  | ancestry]
  4198 | D:4      | Reached XP level 6. HP: 19/47 MP: 7/7
  4393 | D:4      | Found a staircase to the Ecumenical Temple.
  4545 | D:4      | 4545 ||| Stepping ~*~*~tactically~*~*~ (stealth).
  4602 | D:4      | Found a large runed translucent door.
  4602 | D:4      | Found a large runed translucent door.
  4607 | D:4      | Noticed qw's ghost (amateur BaCK)
  4715 | D:4      | 4715 ||| Stepping ~*~*~tactically~*~*~ (stealth).
  4909 | D:4      | Noticed Edmund
  4914 | D:4      | HP: 11/47 [Edmund/+3 vorpal dire flail (3)]
  4915 | D:4      | 4915 ||| DRINKING potion of heal wounds.
  4918 | D:4      | 4918 ||| INVOKING Fiery Armour.
  4920 | D:4      | HP: 10/44 [constriction (8)]
  4921 | D:4      | Killed Edmund
  4922 | D:4      | Gained mutation: You have hoof-like feet. [demonic
                  | ancestry]
  4922 | D:4      | Reached XP level 7. HP: 6/55 MP: 8/8
  4927 | D:4      | 4927 ||| FLEEEEING.
  4928 | D:4      | 4928 ||| FLEEEEING.
  4931 | D:4      | HP: 3/55 [orc/+0 trident (5)]
  5511 | D:4      | 5511 ||| UPGRADING to +0 chain mail.
  5521 | D:4      | 5521 ||| DROPPING +2 ring mail of willpower.
  5522 | D:4      | 5522 ||| UPGRADING to ring of resist corrosion.
  5523 | D:4      | 5523 ||| READING scroll labelled LIEMEO XOOH.
  5524 | D:4      | 5524 ||| READING 4 scrolls of identify.
  5524 | D:4      | 5524 ||| IDENTIFYING brown potion
  5525 | D:4      | 5525 ||| Stepping randomly (stuck).
  5526 | D:4      | 5526 ||| Stepping ~*~*~tactically~*~*~ (cloud).
  5703 | D:5      | Entered Level 5 of the Dungeon
  5705 | D:5      | 5705 ||| Stepping ~*~*~tactically~*~*~ (hiding).
  5708 | D:5      | 5708 ||| INVOKING Fiery Armour.
  5723 | D:5      | Reached skill level 7 in Axes
  5923 | D:5      | Reached skill level 1 in Throwing
  6028 | D:5      | 6028 ||| Stepping ~*~*~tactically~*~*~ (hiding).
  6037 | D:5      | 6037 ||| INVOKING Fiery Armour.
  6037 | D:5      | HP: 13/55 [gnoll/+0 halberd[a gnoll bouda] (7)]
  6039 | D:5      | HP: 4/55 [gnoll bouda/+0 club (6)]
  6040 | D:5      | Slain by a gnoll

Levels and vault maps discovered:
D:1:      co_arrival_square_in_a_square_in_a_square, layout_loops_corners
D:2:      layout_basic, shapermc_ecumenical_altar_starsandcircs, minmay_rat_hole
D:3:      layout_basic, tgw_kikubaaqudgha, serial_shops, nicolae_shop_crystal,
          palyth_stone_intersect, nicolae_elevator_lobby_plus, uniq_ijyb
D:4:      layout_loops_corners, minmay_temple_entry_mini_moons,
          ebering_ghost_disaster_area, uniq_grinder, uniq_edmund,
          uniq_blork_the_orc
D:5:      layout_gridville, uniq_menkaure

Skill      XL: |  1  2  3  4  5  6  7 |
---------------+----------------------+-----
Axes           | 3 4 5 6 7 |  7.1
Dodging        | 1 |  1.1
Armour         | 2 |  2.2
Fighting       | 4 |  4.6
Throwing       | 1 |  1.7
Spellcasting   | |  1.0
Fire Magic     | |  2.6

Action                   |  1- 3 |  4- 6 |  7- 9 || total
-------------------------+-------+-------+-------++-------
Melee: Hand axe          |    22 |       |       ||    22
       War axe           |   122 |   151 |    53 ||   326
       Punch             |       |     1 |     2 ||     3
Throw: Boomerang         |     5 |       |     3 ||     8
Invok: Fiery Armour      |     2 |     3 |     2 ||     7
  Use: Scroll            |     2 |     4 |     2 ||     8
       Potion            |       |     3 |       ||     3
Armor: Robe              |    44 |     2 |       ||    46
       Ring mail         |       |    76 |     7 ||    83
       Chain mail        |       |       |    44 ||    44
Dodge: Dodged            |    77 |    75 |    31 ||   183

Table legend:
 A = Non-vault XP
 B = Vault XP
 C = Vault XP percentage of total XP
 D = Non-vault monster count
 E = Vault monster count
 F = Vault count percentage of total count
                 A         B        C        D         E       F
            +---------+---------+-------+---------+---------+-------
      Total |     707 |     602 |  46.0 |      90 |      23 |  20.4
            +---------+---------+-------+---------+---------+-------
        D:1 |      38 |       0 |   0.0 |      20 |       0 |   0.0
        D:2 |      44 |      20 |  31.2 |      18 |      19 |  51.4
        D:3 |      99 |      36 |  26.7 |      20 |       1 |   4.8
        D:4 |     251 |     546 |  68.5 |      20 |       3 |  13.0
        D:5 |     275 |       0 |   0.0 |      12 |       0 |   0.0
            +---------+---------+-------+---------+---------+-------
